[Event "45th FIDE Olympiad 2024"]
[Site "Budapest"]
[Date "2024.09.18"]
[Round "7.154"]
[White "Pasko, Llambi"]
[Black "Razanadrakotoarisoa, Toavina"]
[Result "1-0"]
[WhiteElo "2396"]
[BlackElo "2147"]
[PlyCount "99"]
[EventDate "2024.09.05"]
[EventType "team-tourn"]
[EventCountry "HUN"]
[WhiteTeam "Albania"]
[BlackTeam "Madagascar"]
[WhiteTeamCountry "ALB"]
[BlackTeamCountry "MAD"]
[TimeControl "40/5400+30:1800+30"]

1. d4 Nf6 2. c4 g6 3. Nc3 Bg7 4. e4 d6 5. Nf3 O-O 6. Be2 e5 7. d5 a5 8. O-O Na6 9. Qc2 Nd7 10. Ne1 f5 11. exf5 gxf5 12. f4 e4 13. Be3 Nf6 14. Qd2 Bd7 15. Nc2 Qe8 16. Nd4 h5 17. h3 Kh7 18. Qe1 Qg6 19. Kh2 Rg8 20. Rg1 Bh6 21. Rd1 Rae8 22. Ncb5 Re7 23. g3 Reg7 24. Qf2 Bc8 25. b3 Nc5 26. a3 Nd3 27. Qf1 h4 28. gxh4 Bxf4+ 29. Bxf4 Qxg1+ 30. Qxg1 Rxg1 31. Rxg1 Rxg1 32. Bxd3 Ra1 33. Be2 c5 34. dxc6 bxc6 35. Nc3 Rxa3 36. Bxd6 Ra1 37. Bf4 e3 38. Bxe3 Ne4 39. Nxe4 fxe4 40. Nxc6 Ra2 41. Nd4 a4 42. bxa4 Ba6 43. Kg3 Rxa4 44. Nb5 Ra2 45. Bf1 Kg6 46. Nd6 Ra3 47. Kf4 Kh5 48. Nf5 Ra2 49. Ng3+ Kxh4 50. Bd4 1-0

[Event "45th FIDE Olympiad 2024"]
[Site "Budapest"]
[Date "2024.09.18"]
[Round "7.155"]
[White "Andrianiaina, Heritiana"]
[Black "Veleshnja, Zino"]
[Result "1/2-1/2"]
[WhiteElo "2149"]
[BlackElo "2294"]
[PlyCount "122"]
[EventDate "2024.09.05"]
[EventType "team-tourn"]
[EventCountry "HUN"]
[WhiteTeam "Madagascar"]
[BlackTeam "Albania"]
[WhiteTeamCountry "MAD"]
[BlackTeamCountry "ALB"]
[TimeControl "40/5400+30:1800+30"]

1. d4 Nf6 2. c4 e6 3. Nf3 Bb4+ 4. Bd2 a5 5. a3 Bxd2+ 6. Qxd2 O-O 7. Nc3 d5 8. e3 Nc6 9. Bd3 a4 10. Qc2 Bd7 11. cxd5 exd5 12. O-O h6 13. h3 Re8 14. Bb5 Ne4 15. Bxa4 Bf5 16. Bxc6 bxc6 17. Nxe4 Bxe4 18. Qe2 Rb8 19. Rac1 Re6 20. Ne5 Qe8 21. b4 f6 22. Nd3 Bf5 23. Nf4 Rd6 24. Rc3 g5 25. Qh5 Qe7 26. Rfc1 Kg7 27. Nd3 Rg8 28. Nc5 Bc8 29. Qf3 g4 30. hxg4 Kh7 31. e4 Bxg4 32. Qf4 f5 33. exf5 Rf6 34. Re3 Qf7 35. Qe5 Rxf5 36. Qe7 Rxf2 37. Qxf7+ Rxf7 38. Rf1 Rfg7 39. Rfe1 Ra8 40. Kh2 Bf5 41. Rf1 Be4 42. Nxe4 dxe4 43. Rf4 Re7 44. Rfxe4 Rxe4 45. Rxe4 Rxa3 46. Re7+ Kg8 47. Rxc7 Rb3 48. Rxc6 Rxb4 49. Rd6 Kf7 50. Kh3 Ke7 51. Rd5 Ke6 52. Re5+ Kd6 53. g4 Rxd4 54. Re8 Kd7 55. Re1 Rd5 56. Kh4 Ra5 57. Re4 Rb5 58. Re3 Ra5 59. Re4 Rb5 60. Kg3 h5 61. gxh5 Rxh5 1/2-1/2

[Event "45th FIDE Olympiad 2024"]
[Site "Budapest"]
[Date "2024.09.18"]
[Round "7.156"]
[White "Xhembulla, Aleksander"]
[Black "Rakotomaharavo, Dylan"]
[Result "1/2-1/2"]
[WhiteElo "2169"]
[BlackElo "2078"]
[PlyCount "144"]
[EventDate "2024.09.05"]
[EventType "team-tourn"]
[EventCountry "HUN"]
[WhiteTeam "Albania"]
[BlackTeam "Madagascar"]
[WhiteTeamCountry "ALB"]
[BlackTeamCountry "MAD"]
[TimeControl "40/5400+30:1800+30"]

1. e4 c5 2. Nf3 Nc6 3. d4 cxd4 4. Nxd4 Nf6 5. Nc3 e6 6. Be2 Bb4 7. O-O O-O 8. Nxc6 bxc6 9. e5 Nd5 10. Ne4 f5 11. a3 Be7 12. Nd6 Bxd6 13. exd6 a5 14. c4 Nf6 15. Qd4 a4 16. Re1 Ne4 17. f3 Qa5 18. Be3 e5 19. Qd1 Nc5 20. Qc2 Nb3 21. Rad1 Ba6 22. Bd3 g6 23. Qf2 Rab8 24. Bh6 Rf6 25. Bf1 Re6 26. Kh1 Qd8 27. h4 Qb6 28. Qg3 Rbe8 29. Bg5 f4 30. Qg4 h5 31. Qh3 Nc5 32. g4 hxg4 33. Qxg4 Qxb2 34. Be7 Kf7 35. Bh3 Qc3 36. h5 Rh8 37. hxg6+ Kg7 38. Rg1 e4 39. Rdf1 Qe5 40. fxe4 Qxe4+ 41. Kh2 Qe2+ 42. Rg2 Qxg4 43. Rxg4 Re2+ 44. Kg1 Rxh3 45. Rfxf4 Bxc4 46. Rxc4 Rxa3 47. Rc1 Re4 48. Rg2 Ne6 49. Rf1 Nf4 50. Bf6+ Kg8 51. Rb1 Rb3 52. Rxb3 axb3 53. Rb2 Re3 54. g7 Rg3+ 55. Kh2 Rh3+ 56. Kg1 c5 57. Rf2 Ne6 58. Rf5 Rh6 59. Bb2 Rg6+ 60. Kf2 c4 61. Re5 Rg5 62. Re4 Rc5 63. Bc3 Rc8 64. Ke3 Rb8 65. Rh4 Nxg7 66. Rg4 b2 67. Rxg7+ Kf8 68. Bxb2 Rxb2 69. Rxd7 Ke8 70. Rc7 Rb3+ 71. Kd4 Rd3+ 72. Kxc4 Rxd6 1/2-1/2

[Event "45th FIDE Olympiad 2024"]
[Site "Budapest"]
[Date "2024.09.18"]
[Round "7.157"]
[White "Greet, Andrew N"]
[Black "Bai, Adelard"]
[Result "0-1"]
[WhiteElo "2405"]
[BlackElo "2378"]
[PlyCount "64"]
[EventDate "2024.09.05"]
[EventType "team-tourn"]
[EventCountry "HUN"]
[WhiteTeam "Scotland"]
[BlackTeam "Chinese Taipei"]
[WhiteTeamCountry "SCO"]
[TimeControl "40/5400+30:1800+30"]

1. c4 e5 2. Nc3 d6 3. Nf3 f5 4. g3 Be7 5. Bg2 Nf6 6. O-O O-O 7. b4 Qe8 8. d3 h6 9. a4 a6 10. Rb1 Qh5 11. e3 f4 12. exf4 exf4 13. Bxf4 Bg4 14. Qe1 Bxf3 15. Qxe7 Bxg2 16. Kxg2 Nc6 17. Qxc7 Rf7 18. Qxd6 Rd8 19. Qc5 g5 20. Be3 Rxd3 21. Nd5 Nxd5 22. cxd5 Ne5 23. Qc8+ Kh7 24. Qe6 Qf3+ 25. Kg1 Qe4 26. Rfe1 Rxe3 27. Rxe3 Qxb1+ 28. Kg2 Qc2 29. Qxe5 Rxf2+ 30. Kh3 Rxh2+ 31. Kg4 h5+ 32. Kxg5 Qg6+ {0-} 0-1

[Event "45th FIDE Olympiad 2024"]
[Site "Budapest"]
[Date "2024.09.18"]
[Round "7.158"]
[White "Song, Raymond"]
[Black "Waldhausen Gordon, Frederick"]
[Result "0-1"]
[WhiteElo "2503"]
[BlackElo "2351"]
[PlyCount "52"]
[EventDate "2024.09.05"]
[EventType "team-tourn"]
[EventCountry "HUN"]
[WhiteTeam "Chinese Taipei"]
[BlackTeam "Scotland"]
[BlackTeamCountry "SCO"]
[TimeControl "40/5400+30:1800+30"]

1. c4 Nf6 2. Nf3 e6 3. g3 d5 4. Bg2 dxc4 5. Qa4+ Nbd7 6. Qxc4 a6 7. Qc2 c5 8. Nc3 Ra7 9. d4 b6 10. e4 cxd4 11. Nxd4 Ne5 12. Nf3 Nd3+ 13. Ke2 Nb4 14. Qd1 Rd7 15. Qa4 Qc7 16. Kf1 Nxe4 17. Nxe4 Qc4+ 18. Kg1 Qxe4 19. Be3 b5 20. Qa5 Nd5 21. Nd4 Qe5 22. Nc6 Qd6 23. Rc1 Bb7 24. Bd4 Bxc6 25. Qxa6 Nb4 26. Qc8+ Rd8 {0-} 0-1

[Event "45th FIDE Olympiad 2024"]
[Site "Budapest"]
[Date "2024.09.18"]
[Round "7.159"]
[White "Abdulla, Murad"]
[Black "Yang, Ching Wei Austin"]
[Result "1-0"]
[WhiteElo "2312"]
[BlackElo "2121"]
[PlyCount "95"]
[EventDate "2024.09.05"]
[EventType "team-tourn"]
[EventCountry "HUN"]
[WhiteTeam "Scotland"]
[BlackTeam "Chinese Taipei"]
[WhiteTeamCountry "SCO"]
[TimeControl "40/5400+30:1800+30"]

1. Nf3 d5 2. g3 g6 3. Bg2 Bg7 4. O-O e5 5. d3 Nc6 6. Nbd2 Nge7 7. c4 O-O 8. cxd5 Nxd5 9. a3 h6 10. Qc2 Nde7 11. Rb1 Nf5 12. e3 a5 13. Ne4 Nd6 14. Nc3 Bf5 15. b4 axb4 16. axb4 Nb5 17. Ne4 Na3 18. Bxa3 Rxa3 19. b5 Na5 20. Rfd1 b6 21. Rbc1 Nb3 22. Rb1 Be6 23. Qb2 Ra5 24. Nxe5 Rxb5 25. d4 Bxe5 26. dxe5 Qe7 27. Qc3 Rd8 28. Bf3 Kg7 29. Rxd8 Qxd8 30. Be2 Qd5 31. Bxb5 Qxe4 32. Qd3 Qf3 33. e4 Qxd3 34. Bxd3 Nd2 35. Rc1 Nf3+ 36. Kg2 Nxe5 37. Bb5 c5 38. f4 Ng4 39. h3 Nf6 40. Bc6 Bb3 41. g4 Kf8 42. Kf3 Ke7 43. Ke3 g5 44. Bb5 gxf4+ 45. Kxf4 Ke6 46. Ra1 Bc2 47. Bc4+ Ke7 48. Ra7+ 1-0

[Event "45th FIDE Olympiad 2024"]
[Site "Budapest"]
[Date "2024.09.18"]
[Round "7.160"]
[White "Wang, Ting-Hao"]
[Black "Gourlay, Iain"]
[Result "1/2-1/2"]
[WhiteElo "1842"]
[BlackElo "2296"]
[PlyCount "70"]
[EventDate "2024.09.05"]
[EventType "team-tourn"]
[EventCountry "HUN"]
[WhiteTeam "Chinese Taipei"]
[BlackTeam "Scotland"]
[BlackTeamCountry "SCO"]
[TimeControl "40/5400+30:1800+30"]

1. e4 c5 2. Nf3 Nc6 3. Bb5 Nf6 4. Bxc6 dxc6 5. d3 g6 6. h3 Bg7 7. Nc3 O-O 8. O-O b6 9. Be3 e5 10. Qd2 Ne8 11. Bh6 f6 12. Bxg7 Nxg7 13. Qh6 Ne6 14. Ne2 Rf7 15. Nh2 Rg7 16. Ng4 Ng5 17. Kh1 Nf7 18. Qe3 h5 19. Nh6+ Nxh6 20. Qxh6 Qe8 21. Qe3 g5 22. a4 a5 23. c3 Ba6 24. Rfd1 Rd7 25. Rd2 Rad8 26. Rad1 h4 27. f3 Qe6 28. Nc1 Rd6 29. Kg1 Qd7 30. Kf2 Kg7 31. Ke1 Qc7 32. Ne2 R8d7 33. d4 Bxe2 34. Kxe2 exd4 35. cxd4 cxd4 1/2-1/2

[Event "45th FIDE Olympiad 2024"]
[Site "Budapest"]
[Date "2024.09.18"]
[Round "7.161"]
[White "Eltigani, Omar"]
[Black "Tran, Thanh Tu"]
[Result "0-1"]
[WhiteElo "2241"]
[BlackElo "2387"]
[PlyCount "72"]
[EventDate "2024.09.05"]
[EventType "team-tourn"]
[EventCountry "HUN"]
[WhiteTeam "Sudan"]
[BlackTeam "Japan"]
[WhiteTeamCountry "SUD"]
[BlackTeamCountry "JPN"]
[TimeControl "40/5400+30:1800+30"]

1. d4 Nf6 2. Nc3 d5 3. Bf4 c5 4. e3 cxd4 5. exd4 a6 6. Nf3 Nc6 7. Be2 Bg4 8. h3 Bxf3 9. Bxf3 e6 10. Ne2 Bd6 11. Bg5 h6 12. Bh4 g5 13. Bg3 Bxg3 14. Nxg3 Qb6 15. c3 Qxb2 16. Rc1 Qxa2 17. O-O Rc8 18. Qd3 Qa3 19. Nf5 Ne7 20. Ng7+ Kf8 21. Nh5 Nxh5 22. Bxh5 Qd6 23. f4 gxf4 24. Rce1 Nf5 25. Re5 Ng7 26. Bg4 h5 27. Bd1 Qc7 28. Qd2 Qxc3 29. Qxf4 Nf5 30. Rxf5 exf5 31. Qd6+ Kg8 32. Qxd5 Qe3+ 33. Kh1 Qe4 34. Qd7 Kg7 35. Rxf5 Qe6 36. Rg5+ Kf6 {0-} 0-1

[Event "45th FIDE Olympiad 2024"]
[Site "Budapest"]
[Date "2024.09.18"]
[Round "7.162"]
[White "Nanjo, Ryosuke"]
[Black "Ahmed, Hassan"]
[Result "1-0"]
[WhiteElo "2372"]
[BlackElo "2234"]
[PlyCount "129"]
[EventDate "2024.09.05"]
[EventType "team-tourn"]
[EventCountry "HUN"]
[WhiteTeam "Japan"]
[BlackTeam "Sudan"]
[WhiteTeamCountry "JPN"]
[BlackTeamCountry "SUD"]
[TimeControl "40/5400+30:1800+30"]

1. e4 c5 2. Nf3 e6 3. Nc3 Nc6 4. d4 cxd4 5. Nxd4 Nf6 6. Ndb5 Bb4 7. a3 Bxc3+ 8. Nxc3 d5 9. exd5 exd5 10. Bd3 O-O 11. O-O Bg4 12. Ne2 Re8 13. Re1 Qb6 14. Rb1 Rad8 15. Bg5 Ne5 16. Qd2 Nxd3 17. Qxd3 Bxe2 18. Rxe2 Rxe2 19. Qxe2 h6 20. Bxf6 Qxf6 21. Qb5 Qc6 22. Qxc6 bxc6 23. Re1 Rb8 24. b3 Kf8 25. Kf1 Rb7 26. Re3 Re7 27. Ke2 Re6 28. Kd3 Ke7 29. c4 Kd6 30. cxd5 Rxe3+ 31. fxe3 Kxd5 32. e4+ Ke5 33. b4 f6 34. Ke3 h5 35. g3 g6 36. h3 f5 37. exf5 Kxf5 38. Kf3 Kg5 39. Ke4 h4 40. g4 Kf6 41. Kf4 g5+ 42. Ke4 Ke6 43. a4 Kf6 44. Kd4 Ke6 45. Kc5 Kd7 46. b5 cxb5 47. Kxb5 Kc7 48. Kc5 Kb7 49. Kd5 Kb6 50. Ke5 Ka5 51. Kf5 Kxa4 52. Kxg5 Kb4 53. Kf4 a5 54. Ke3 Kc5 55. Kd3 Kd5 56. Kc3 Ke5 57. Kb3 Kf4 58. Ka4 Kg3 59. g5 Kxh3 60. g6 Kh2 61. g7 h3 62. g8=Q Kh1 63. Qg3 h2 64. Kb5 a4 65. Qf2 1-0

[Event "45th FIDE Olympiad 2024"]
[Site "Budapest"]
[Date "2024.09.18"]
[Round "7.163"]
[White "Nader, Obeid"]
[Black "Aoshima, Mirai"]
[Result "0-1"]
[WhiteElo "2083"]
[BlackElo "2385"]
[PlyCount "71"]
[EventDate "2024.09.05"]
[EventType "team-tourn"]
[EventCountry "HUN"]
[WhiteTeam "Sudan"]
[BlackTeam "Japan"]
[WhiteTeamCountry "SUD"]
[BlackTeamCountry "JPN"]
[TimeControl "40/5400+30:1800+30"]

1. d4 Nf6 2. Bf4 e6 3. e3 c5 4. Nd2 Nc6 5. Ngf3 d5 6. c3 cxd4 7. cxd4 Nh5 8. Bg5 Qb6 9. Bd3 h6 10. Bh4 g5 11. Ne5 Nxe5 12. dxe5 Ng7 13. Bg3 Bd7 14. O-O Bb5 15. Bxb5+ Qxb5 16. Rc1 Be7 17. Nb3 h5 18. Nd4 Qxb2 19. Qa4+ Kf8 20. f4 h4 21. Rc2 Qa3 22. Qxa3 Bxa3 23. Be1 g4 24. Rc7 Nf5 25. Nxf5 exf5 26. Bc3 Rh6 27. Rxb7 Rc8 28. Bd4 Rhc6 29. Rxa7 Bc5 30. Ra5 Bxd4 31. exd4 Rc2 32. Rf2 g3 33. hxg3 hxg3 34. Rf1 R8c3 35. Rf3 Rd3 36. Rc5 {0-} 0-1

[Event "45th FIDE Olympiad 2024"]
[Site "Budapest"]
[Date "2024.09.18"]
[Round "7.164"]
[White "Yamada, Kohei"]
[Black "Eltag, Siddig"]
[Result "1-0"]
[WhiteElo "2178"]
[BlackElo "2138"]
[PlyCount "99"]
[EventDate "2024.09.05"]
[EventType "team-tourn"]
[EventCountry "HUN"]
[WhiteTeam "Japan"]
[BlackTeam "Sudan"]
[WhiteTeamCountry "JPN"]
[BlackTeamCountry "SUD"]
[TimeControl "40/5400+30:1800+30"]

1. e4 e5 2. Nf3 Nf6 3. d4 Nxe4 4. Bd3 d5 5. Nxe5 Nd7 6. Nc3 Bb4 7. O-O Nxe5 8. dxe5 Nxc3 9. bxc3 Be7 10. Rb1 b6 11. Bb5+ Kf8 12. Bc6 Ba6 13. Re1 Rc8 14. Bxd5 c6 15. Bb3 Qxd1 16. Rxd1 h6 17. Be3 Rd8 18. Ba4 Bb7 19. c4 g5 20. Rxd8+ Bxd8 21. c5 b5 22. Bb3 Bc7 23. Bd4 Ke7 24. e6 f6 25. g3 Rd8 26. c3 a5 27. Re1 a4 28. Bc2 Ba5 29. Re3 Bc7 30. Rf3 Rf8 31. Bf5 Be5 32. Rd3 Rd8 33. Bxe5 fxe5 34. Rd7+ Rxd7 35. exd7 a3 36. Kg2 b4 37. cxb4 Ba6 38. Be6 g4 39. h3 h5 40. hxg4 hxg4 41. f3 gxf3+ 42. Kxf3 Bd3 43. g4 Bg6 44. Ke3 Bb1 45. Kd2 Kd8 46. Kc3 Ke7 47. g5 Bg6 48. b5 cxb5 49. c6 Kd8 50. Kb4 1-0

[Event "45th FIDE Olympiad 2024"]
[Site "Budapest"]
[Date "2024.09.18"]
[Round "7.165"]
[White "Zhakshylykov, Erzhan"]
[Black "Ahmad, Al Khatib"]
[Result "1-0"]
[WhiteElo "2327"]
[BlackElo "2302"]
[PlyCount "111"]
[EventDate "2024.09.05"]
[EventType "team-tourn"]
[EventCountry "HUN"]
[WhiteTeam "Kyrgyzstan"]
[BlackTeam "Jordan"]
[WhiteTeamCountry "KGZ"]
[BlackTeamCountry "JOR"]
[TimeControl "40/5400+30:1800+30"]

1. d4 Nf6 2. c4 e6 3. Nc3 Bb4 4. Nf3 Bxc3+ 5. bxc3 d6 6. Qc2 Qe7 7. e4 e5 8. Bd3 Bg4 9. Nd2 Nc6 10. f3 Bd7 11. Nb3 Nh5 12. Be3 O-O 13. Qd2 f5 14. d5 f4 15. Bf2 Nd8 16. c5 Nf7 17. c4 b6 18. cxd6 cxd6 19. a4 g5 20. g4 fxg3 21. hxg3 Nf6 22. g4 Kg7 23. Be3 Kg6 24. a5 h5 25. gxh5+ Nxh5 26. Rg1 Rg8 27. Kd1 Qf6 28. Kc2 Nf4 29. Bxf4 Qxf4 30. Qxf4 exf4 31. e5+ Bf5 32. Bxf5+ Kxf5 33. e6 Ne5 34. Nd4+ Kf6 35. Kb3 Rab8 36. a6 Rbc8 37. Ra4 Rh8 38. Nb5 Nxf3 39. Rc1 Ke5 40. Nxa7 Nd4+ 41. Kb4 Rc5 42. Ra2 f3 43. Re1+ Kf4 44. Kc3 Nf5 45. e7 g4 46. Nc6 g3 47. a7 f2 48. Rf1 Ne3 49. a8=Q Rxa8 50. Rxa8 Nxd5+ 51. Kd3 Nxe7 52. Nxe7 Kf3 53. Nd5 Ra5 54. Rf8+ Kg4 55. Ne3+ Kh4 56. Rf3 1-0

[Event "45th FIDE Olympiad 2024"]
[Site "Budapest"]
[Date "2024.09.18"]
[Round "7.166"]
[White "Loay, Sameer"]
[Black "Orozbaev, Eldiyar"]
[Result "0-1"]
[WhiteElo "2194"]
[BlackElo "2376"]
[PlyCount "92"]
[EventDate "2024.09.05"]
[EventType "team-tourn"]
[EventCountry "HUN"]
[WhiteTeam "Jordan"]
[BlackTeam "Kyrgyzstan"]
[WhiteTeamCountry "JOR"]
[BlackTeamCountry "KGZ"]
[TimeControl "40/5400+30:1800+30"]

1. e4 c5 2. Be2 Nc6 3. f4 e6 4. Nf3 d5 5. d3 Nf6 6. e5 Nd7 7. c3 b5 8. d4 b4 9. O-O Qb6 10. Be3 a5 11. Nbd2 Ba6 12. Bxa6 Qxa6 13. f5 Qd3 14. Qe1 exf5 15. e6 fxe6 16. Bf4 Nd8 17. Ng5 Qa6 18. Bc7 h6 19. Qh4 hxg5 20. Qxh8 Nf7 21. Qh5 cxd4 22. cxd4 Rc8 23. Bg3 f4 24. Bf2 Qd3 25. Rae1 Rc6 26. Qf3 Qxf3 27. Nxf3 Nf6 28. Rc1 Rxc1 29. Rxc1 Kd7 30. Ne5+ Nxe5 31. dxe5 Ne4 32. Bd4 g4 33. h3 g3 34. Kf1 b3 35. axb3 Nd2+ 36. Ke2 Nxb3 37. Rd1 g5 38. Bc3 Kc6 39. Kd3 Bc5 40. Rf1 Be3 41. Be1 a4 42. Bb4 Nc1+ 43. Kc2 d4 44. Be7 d3+ 45. Kd1 Ne2 46. Bxg5 a3 {0-} 0-1

[Event "45th FIDE Olympiad 2024"]
[Site "Budapest"]
[Date "2024.09.18"]
[Round "7.167"]
[White "Abdyzhapar, Asylbek"]
[Black "Saif, Malek"]
[Result "1-0"]
[WhiteElo "2357"]
[BlackElo "2162"]
[PlyCount "107"]
[EventDate "2024.09.05"]
[EventType "team-tourn"]
[EventCountry "HUN"]
[WhiteTeam "Kyrgyzstan"]
[BlackTeam "Jordan"]
[WhiteTeamCountry "KGZ"]
[BlackTeamCountry "JOR"]
[TimeControl "40/5400+30:1800+30"]

1. d4 Nf6 2. c4 d6 3. Nf3 g6 4. Nc3 Bg7 5. e4 O-O 6. Be2 e5 7. Be3 exd4 8. Nxd4 Re8 9. f3 c6 10. Bf2 d5 11. exd5 cxd5 12. O-O Nc6 13. c5 Nxd4 14. Bxd4 Be6 15. Qd2 Nh5 16. Bb5 Rf8 17. Rfd1 Bxd4+ 18. Qxd4 Qg5 19. Bf1 Rfd8 20. Nb5 a5 21. Rac1 Ng7 22. Re1 Rd7 23. a3 a4 24. Qb4 Nf5 25. Nd4 Nxd4 26. Qxd4 Rc7 27. Rc3 Qd8 28. h4 Ra5 29. Bd3 Qf8 30. Rec1 Qg7 31. Qf4 Rc8 32. Qb4 Rca8 33. R3c2 Qf6 34. Re2 R5a7 35. Bb5 Qd8 36. Qd4 Ra5 37. Bd3 Rc8 38. Rec2 Rca8 39. Re1 Qf8 40. h5 Qg7 41. Re5 Rc8 42. f4 Qf6 43. h6 Rd8 44. g4 Raa8 45. g5 Qe7 46. Re3 Qf8 47. Bxg6 Re8 48. Bd3 f5 49. Bb5 Re7 50. Rce2 Ra5 51. Rxe6 Rxe6 52. Rxe6 Rxb5 53. Re8 Qxe8 54. Qg7# 1-0

[Event "45th FIDE Olympiad 2024"]
[Site "Budapest"]
[Date "2024.09.18"]
[Round "7.168"]
[White "Anas, Khwaira"]
[Black "Sezdbekov, Ruslan"]
[Result "0-1"]
[WhiteElo "1994"]
[BlackElo "2251"]
[PlyCount "152"]
[EventDate "2024.09.05"]
[EventType "team-tourn"]
[EventCountry "HUN"]
[WhiteTeam "Jordan"]
[BlackTeam "Kyrgyzstan"]
[WhiteTeamCountry "JOR"]
[BlackTeamCountry "KGZ"]
[TimeControl "40/5400+30:1800+30"]

1. d4 Nf6 2. c4 e6 3. Nc3 d5 4. cxd5 exd5 5. Bg5 Be7 6. e3 O-O 7. Bd3 Nbd7 8. Nge2 Re8 9. Qc2 Nf8 10. O-O h6 11. Bh4 Ne6 12. f3 c5 13. dxc5 Nxc5 14. Bb5 Rf8 15. Nd4 Be6 16. Rad1 Rc8 17. a3 a6 18. Bd3 Nxd3 19. Rxd3 Nd7 20. Bf2 Qa5 21. Bg3 Qb6 22. Rfd1 Bf6 23. Qf2 Nc5 24. R3d2 Nb3 25. Na4 Qa5 26. Nxb3 Qxa4 27. Nd4 Rfd8 28. Bh4 g5 29. Bg3 Rc5 30. h3 Rdc8 31. Qf1 Qe8 32. Qd3 Bd7 33. Nf5 Bxf5 34. Qxf5 Kg7 35. Qd3 Qe6 36. Bf2 Rb5 37. Qe2 Rc4 38. b4 a5 39. bxa5 Rxa5 40. Rd3 Rb5 41. Be1 Rb2 42. R3d2 Rxd2 43. Qxd2 d4 44. Bf2 dxe3 45. Bxe3 Rc3 46. Bd4 Rxa3 47. Qb2 Qe3+ 48. Bxe3 Bxb2 49. Kf2 Be5 50. Rd5 Ra2+ 51. Kf1 Kf6 52. Rb5 Rb2 53. Rc5 Ke6 54. h4 gxh4 55. Bxh6 Rb1+ 56. Rc1 Rb2 57. Re1 Kd5 58. Rd1+ Kc6 59. Rc1+ Kb5 60. Be3 b6 61. Rc8 Rb4 62. Bf2 Bd6 63. Rh8 Rb1+ 64. Ke2 Rb2+ 65. Kf1 Bg3 66. Bxg3 hxg3 67. Rg8 Kc4 68. Rxg3 b5 69. Rg7 f5 70. Rf7 b4 71. g4 b3 72. Rc7+ Kd4 73. Rb7 f4 74. g5 Ke3 75. g6 Kxf3 76. Re7 Rb1+ {0-} 0-1

[Event "45th FIDE Olympiad 2024"]
[Site "Budapest"]
[Date "2024.09.18"]
[Round "7.169"]
[White "Al-Ali, Hussein Ali Hussein"]
[Black "Saraci, Nderim"]
[Result "0-1"]
[WhiteElo "2122"]
[BlackElo "2446"]
[PlyCount "120"]
[EventDate "2024.09.05"]
[EventType "team-tourn"]
[EventCountry "HUN"]
[WhiteTeam "Iraq"]
[BlackTeam "Kosovo *"]
[WhiteTeamCountry "IRQ"]
[TimeControl "40/5400+30:1800+30"]

1. e4 d5 2. exd5 Qxd5 3. Nc3 Qd6 4. d4 Nf6 5. Nf3 c6 6. Ne5 Nbd7 7. Nc4 Qc7 8. g3 Nb6 9. Bf4 Qd8 10. Ne3 g6 11. Bg2 Nh5 12. Bg5 h6 13. Bh4 Nf6 14. Bxf6 exf6 15. d5 cxd5 16. Nexd5 Nxd5 17. Qxd5 Be7 18. O-O-O Qxd5 19. Nxd5 Bd8 20. Rhe1+ Kf8 21. Kb1 Kg7 22. c4 Rb8 23. c5 h5 24. h4 g5 25. Ne3 Be6 26. Bd5 Ba5 27. Re2 Rhd8 28. a3 gxh4 29. gxh4 f5 30. b4 Bc7 31. Bxe6 fxe6 32. Rxd8 Rxd8 33. Nxf5+ Kf6 34. Ne3 Rd4 35. Ng2 Rg4 36. f3 Rg3 37. Ne1 Rh3 38. Kc2 Rxh4 39. Kd3 Rh1 40. Ke4 Bg3 41. Nc2 h4 42. b5 h3 43. Ne3 Rb1 44. f4 Kg7 45. Ng4 Rf1 46. Nh2 Rxf4+ 47. Ke3 Rc4 48. Kf3 Bxh2 49. Rxh2 Rxc5 50. a4 Rc4 51. Kg3 Rxa4 52. Rc2 Ra3+ 53. Kh2 b6 54. Rf2 Kg6 55. Rf8 Kg5 56. Rf1 e5 57. Rf8 Kg4 58. Rg8+ Kf4 59. Rf8+ Ke4 60. Rf7 Kd4 {0-} 0-1

[Event "45th FIDE Olympiad 2024"]
[Site "Budapest"]
[Date "2024.09.18"]
[Round "7.170"]
[White "Ondozi, Murtez"]
[Black "Mohammed, Zozek Salah Mohammed"]
[Result "0-1"]
[WhiteElo "2371"]
[BlackElo "2180"]
[PlyCount "94"]
[EventDate "2024.09.05"]
[EventType "team-tourn"]
[EventCountry "HUN"]
[WhiteTeam "Kosovo *"]
[BlackTeam "Iraq"]
[BlackTeamCountry "IRQ"]
[TimeControl "40/5400+30:1800+30"]

1. d4 d5 2. Nf3 Nf6 3. c4 e6 4. Nc3 Be7 5. Bg5 h6 6. Bh4 O-O 7. e3 b6 8. Bd3 Bb7 9. O-O Nbd7 10. cxd5 exd5 11. Bxf6 Nxf6 12. Ne5 c5 13. Qf3 Bd6 14. Qh3 Bxe5 15. dxe5 Ne4 16. Nxe4 dxe4 17. Bc4 Qe7 18. Qf5 Rad8 19. Rfd1 Bc6 20. Qf4 b5 21. Bb3 c4 22. Bc2 Rxd1+ 23. Rxd1 Rd8 24. Rxd8+ Qxd8 25. h4 Qd5 26. a3 a5 27. e6 Qxe6 28. Qb8+ Kh7 29. Qd8 Qf6 30. Qxf6 gxf6 31. Kh2 Kg6 32. Kg3 Kf5 33. f3 b4 34. axb4 axb4 35. b3 cxb3 36. Bxb3 exf3 37. gxf3 Ke5 38. Bc2 f5 39. Kf2 f4 40. Ke2 Bb5+ 41. Kd2 f5 42. e4 fxe4 43. Bxe4 Kd4 44. Kc2 Bc4 45. Kb2 Bd5 46. Bxd5 Kxd5 47. Kb3 Kd4 {0-} 0-1

[Event "45th FIDE Olympiad 2024"]
[Site "Budapest"]
[Date "2024.09.18"]
[Round "7.171"]
[White "Salih, Akar Ali Salih"]
[Black "Uruci, Endrit"]
[Result "0-1"]
[WhiteElo "2174"]
[BlackElo "2348"]
[PlyCount "74"]
[EventDate "2024.09.05"]
[EventType "team-tourn"]
[EventCountry "HUN"]
[WhiteTeam "Iraq"]
[BlackTeam "Kosovo *"]
[WhiteTeamCountry "IRQ"]
[TimeControl "40/5400+30:1800+30"]

1. e4 c6 2. d4 d5 3. e5 c5 4. dxc5 e6 5. a3 Nc6 6. Nf3 Bxc5 7. b4 Bb6 8. Bb2 f6 9. Nbd2 fxe5 10. Nxe5 Nf6 11. Bd3 Qd6 12. Ndf3 O-O 13. Nc4 Bxf2+ 14. Kxf2 dxc4 15. Bxc4 Qf4 16. Qe2 Ng4+ 17. Ke1 Ne3 18. Bb3 b6 19. Rg1 Bb7 20. Bc1 Qf6 21. Rb1 Nd5 22. Bb2 Qh6 23. g3 Nce7 24. Bc1 Qf6 25. Ng5 Nc3 26. Qxe6+ Kh8 27. Qxf6 gxf6 28. Nf7+ Rxf7 29. Bxf7 Nxb1 30. Bb2 Nd5 31. Bxd5 Bxd5 32. Ke2 Ba2 33. Bxf6+ Kg8 34. Kd3 Rf8 35. Bg5 Rf3+ 36. Be3 Nxa3 37. Ke2 Rf7 {0-} 0-1

[Event "45th FIDE Olympiad 2024"]
[Site "Budapest"]
[Date "2024.09.18"]
[Round "7.172"]
[White "Asllani, Muhamet"]
[Black "Alothman, Ali Layth Ahmed"]
[Result "0-1"]
[WhiteElo "2191"]
[BlackElo "2161"]
[PlyCount "48"]
[EventDate "2024.09.05"]
[EventType "team-tourn"]
[EventCountry "HUN"]
[WhiteTeam "Kosovo *"]
[BlackTeam "Iraq"]
[BlackTeamCountry "IRQ"]
[TimeControl "40/5400+30:1800+30"]

1. d4 Nf6 2. Nf3 e6 3. c4 d5 4. Nc3 h6 5. Bf4 Bd6 6. Ne5 O-O 7. e3 c5 8. g4 cxd4 9. exd4 Nc6 10. g5 hxg5 11. Nxc6 bxc6 12. Bxg5 e5 13. cxd5 exd4 14. Qxd4 Re8+ 15. Be2 Be5 16. Qd3 Rb8 17. O-O Rxb2 18. Bf3 Qd6 19. h4 cxd5 20. Nxd5 Nxd5 21. Qxd5 Qb8 22. Rfe1 Bb7 23. Qd3 Bh2+ 24. Kf1 Rxf2+ {0-} 0-1

[Event "45th FIDE Olympiad 2024"]
[Site "Budapest"]
[Date "2024.09.18"]
[Round "7.173"]
[White "Atabayev, Saparmyrat"]
[Black "Christie, Joshua"]
[Result "1/2-1/2"]
[WhiteElo "2516"]
[BlackElo "2271"]
[PlyCount "75"]
[EventDate "2024.09.05"]
[EventType "team-tourn"]
[EventCountry "HUN"]
[WhiteTeam "Turkmenistan"]
[BlackTeam "Jamaica"]
[WhiteTeamCountry "TKM"]
[BlackTeamCountry "JAM"]
[TimeControl "40/5400+30:1800+30"]

1. d4 Nf6 2. c4 e6 3. g3 Bb4+ 4. Bd2 Qe7 5. Bg2 O-O 6. Nf3 Bxd2+ 7. Qxd2 d6 8. Nc3 Re8 9. O-O e5 10. Rac1 Nc6 11. d5 Nb8 12. e4 a5 13. Ne1 Na6 14. Nd3 Nd7 15. f4 Nac5 16. Nf2 Nf6 17. f5 h6 18. h4 Bd7 19. Bf3 Bxf5 20. exf5 e4 21. Rce1 e3 22. Qd4 exf2+ 23. Kxf2 Qd7 24. g4 Rxe1 25. Rxe1 Re8 26. Rxe8+ Nxe8 27. Qe3 Kf8 28. b3 h5 29. Kg3 hxg4 30. Bxg4 Nf6 31. h5 Qd8 32. h6 gxh6 33. Qxh6+ Ke7 34. Qg7 Nce4+ 35. Nxe4 Nxe4+ 36. Kf4 Nf6 37. Bf3 Qg8 38. Qxg8 1/2-1/2